 Dungeon Crawl Stone Soup version 0.28.0-45-g0d030f2227 (webtiles) character file.

Game seed: 5219089259399311797

293 Faeu the Covered (level 6, -7/56 HPs)
             Began as a Minotaur Fighter on Mar 30, 2022.
             Was an Initiate of Okawaru.
             Mangled by Duvessa
             ... wielding a +0 short sword
              (11 damage)
             ... on level 4 of the Dungeon.
             The game lasted 00:11:50 (3345 turns).

Faeu the Covered (Minotaur Fighter)                 Turns: 3345, Time: 00:11:51

Health: -7/56      AC:  8    Str: 22    XL:     6   Next: 11%
Magic:  5/5        EV:  9    Int:  5    God:    Okawaru [......]
Gold:   213        SH:  5    Dex: 10    Spells: 5/5 levels left

rFire   . . .      SeeInvis .   a - +0 war axe {axe}
rCold   . . .      Faith    .   c - +0 buckler
rNeg    . . .      Spirit   .   b - +0 scale mail
rPois   .          Reflect  .   (helmet restricted)
rElec   .          Harm     .   (no cloak)
rCorr   .          Rampage  .   t - +0 pair of gloves
Will    .....                   (no boots)
Stlth   ..........              (no amulet)
HPRegen 0.18/turn               (no ring)
MPRegen 0.09/turn               (no ring)

@: no status effects
A: horns 2, retaliatory headbutt
a: Renounce Religion


You were on level 4 of the Dungeon.
You worshipped Okawaru.
Okawaru was noncommittal.
You visited 2 branches of the dungeon, and saw 5 of its levels.

You collected 213 gold pieces.


Innate Abilities, Weirdness & Mutations

You have a pair of horns on your head.
You reflexively headbutt those who attack you in melee.


   Skills:
 + Level 5.2 Fighting
 + Level 4.3 Axes
 + Level 5.2 Armour
 + Level 5.1 Shields


You had 5 spell levels left.
You didn't know any spells.
Your spell library was empty.

Inventory:

Hand Weapons
 a - a +0 war axe (weapon) {axe}
 m - a +0 long sword of holy wrath {long}
   (You found it on level 2 of the Dungeon)
Missiles
 l - 11 poisoned darts (quivered) {throwing}
 n - 6 javelins {throwing}
Armour
 b - a +0 scale mail (worn)
 c - a +0 buckler (worn)
 t - a +0 pair of gloves (worn)
   (You found it on level 4 of the Dungeon)
Wands
 s - a wand of mindburst (15)
   (You found it on level 4 of the Dungeon)
 v - a wand of digging (5)
   (You found it on level 4 of the Dungeon)
Scrolls
 f - 3 scrolls of enchant armour {unknown}
 g - a scroll of blinking {unknown}
 i - a scroll of enchant weapon {unknown}
 k - 3 scrolls of noise {unknown}
 o - a scroll of amnesia {unknown}
 r - a scroll of torment {unknown}
 u - 2 scrolls of teleportation {unknown}
Potions
 d - 2 potions of might
 h - 2 potions of lignification {unknown}
 j - a potion of flight {unknown}
 p - a potion of berserk rage {unknown}
 q - a potion of magic {unknown}

Dungeon Overview and Level Annotations

Branches:
Dungeon (4/15)             Temple (1/1) D:4

Altars:
Gozag
Okawaru
Ru
Sif Muna

Shops:
D:1 [[?*

Annotations:
D:4 Duvessa

# #.##.§≈≈○≈...####'##. #
######....≈≈_§≈...##...##' #
######....#....≈≈§≈○...##...... #
#...#..........≈≈.≈≈...##...... #
#.[.#..................#....... #
#..#####'###...##...#..#.......
###..###....##...#######.#.......
.##...#......#####⌠...⌠#####..##.
.##...#......#.e@#.....#...#..###
......#........⌠....>....⌠....#..
......#.....##...#.....#...#..#..
.##..##.....######⌠...⌠#####..'..
.##..######'# #######.##...##.
###..#..........e#...##..##(..###
.....#...........#....'..##...##.
.....##.....##e.<##..##..####'##.
....######### #####..##...#...##.


You could see Duvessa (berserk).


Message History

You barely miss the adder. The adder barely misses you.
The adder closely misses you. 😕 HP[+1]
You barely miss the adder. The adder closely misses you.
The adder bites you but does no damage.
You closely miss the adder. The adder bites you but does no damage.
The adder barely misses you.
You miss the adder. You headbutt the adder.
You kill the adder!
Okawaru accepts your kill.
As you open the door, it creaks loudly! 😕 HP[+1]
There is an open door here.
There is an open door here. 😎 HP[+1]
There is an open door here.
There is an open door here.
There is an open door here.
Dowan and an endoplasm come into view.
Dowan shouts!
Duvessa, Sister of Dowan comes into view.
She is wielding a +0 short sword and wearing a +1 ring mail of willpower.
There is an open door here.
You hit the endoplasm but do no damage. You block the endoplasm's attack.
You slash the endoplasm!
You kill the endoplasm!
Okawaru accepts your kill.
You miss Dowan. Your headbutt misses Dowan.
Dowan mumbles some strange words.
Dowan blinks!
Dowan points at you and mumbles some strange words.
The puff of flame hits you. 😕 HP[-4]
You take 4 damage, and now have 44/48 hp.
Dowan gestures wildly while chanting.
Dowan blinks!
Dowan hits you with a +0 dagger. 😕 HP[-3]
You take 3 damage, and now have 41/48 hp.
You closely miss Dowan. You block Dowan's attack.
Duvessa shouts!
You hit Dowan. Your headbutt misses Dowan.
Dowan hits you with a +0 dagger. 😕 HP[-2]
You take 2 damage, and now have 39/48 hp.
You hit Dowan. Dowan hits you but does no damage.
Dowan points at you and mumbles some strange words.
You resist with some effort.
You slash Dowan! Your headbutt misses Dowan. Dowan hits you with a +0 dagger.
Duvessa hits you with a +0 short sword. 😮 HP[-5]
You take 5 damage, and now have 34/48 hp.
You completely miss Dowan. You hit Duvessa. Dowan hits you but does no damage.
Duvessa hits you with a +0 short sword! 😮 HP[-9]
You take 9 damage, and now have 25/48 hp.
You miss Dowan. You headbutt Dowan!
You kill Dowan!
Okawaru accepts your kill.
Duvessa weeps, and shakes her weapon.
Duvessa goes berserk!
You hit Duvessa but do no damage. Duvessa hits you with a +0 short sword.
* * * LOW HITPOINT WARNING * * *
Duvessa hits you with a +0 short sword!!
* * * LOW HITPOINT WARNING * * *
You have reached level 6! 😱 HP[-20] MP[+1]
You now have 56 max hp (+8).
You take 20 damage, and now have 5/56 hp.
MASSIVE DAMAGE!! (PAUSE)
Your mp is fully restored (5).
Aiming: Mindburst
Press: ? - help, Shift-Dir - straight line, f - Duvessa
Aim: Duvessa, wielding a +0 short sword and wearing a +1 ring mail of willpower (lightly wounded, berserk, chance to affect: 16%)
Okay, then.
Things that are here:
a +0 dagger {short}; a +0 robe; a fizzy yellow potion Duvessa hits you with a +0 short sword.
* * * LOW HITPOINT WARNING * * *
😱 HP[-2]
You take 2 damage, and now have 3/56 hp.
It was a potion of curing.
You feel better. Duvessa hits you with a +0 short sword.
* * * LOW HITPOINT WARNING * * *
😱 HP[+5]
You regained 5 hp, and now have 8/56 hp.
You feel better. You block Duvessa's attack.
Duvessa hits you but does no damage. 😨 HP[+9]
You regained 9 hp, and now have 17/56 hp.
You hit Duvessa but do no damage. Your headbutt misses Duvessa.
Duvessa hits you but does no damage. You block Duvessa's attack.
You barely miss Duvessa. You headbutt Duvessa.
Duvessa hits you with a +0 short sword.
* * * LOW HITPOINT WARNING * * *
Duvessa hits you with a +0 short sword!
* * * LOW HITPOINT WARNING * * *
😱 HP[-13]
You take 13 damage, and now have 4/56 hp.
MASSIVE DAMAGE!! (PAUSE)
You hit Duvessa but do no damage. Duvessa hits you with a +0 short sword!
You die...

Skill      XL: |  1  2  3  4  5 |
---------------+----------------+-----
Shields        | 4 5 |  5.1
Fighting       | 4 5 |  5.2
Armour         | 4 5 |  5.2
Axes           | 3 4 |  4.3

Action                   |  1- 3 |  4- 6 || total
-------------------------+-------+-------++-------
Melee: War axe           |    56 |    85 ||   141
       Headbutt          |     7 |    15 ||    22
  Use: Potion            |       |     2 ||     2
Armor: Scale mail        |    26 |    47 ||    73
Dodge: Dodged            |    29 |    25 ||    54
Block: Buckler           |    11 |    13 ||    24

Levels and vault maps discovered:
D:1:      evilmike_arrival_hilbert_curve, layout_basic,
          hellmonk_ecumenical_altar_lost_god, serial_shops, shop, shop,
          shop_scrolls, shop
D:2:      layout_loops_ring, chequers_serial_rivers_micro_d
D:3:      layout_basic, grunt_gozag_breadcrumbs
D:4:      cheibrodos_fertilizer, layout_gridville,
          nicolae_ru_the_path_less_chosen, nicolae_sif_muna_condensation,
          minmay_temple_entry_antechambers, uniq_duvessa
Temple:   nicolae_temple_figure_zero

Notes
Turn   | Place    | Note
-------+----------+-------------------------------------------
     0 | D:1      | Faeu the Minotaur Fighter began the quest for the Orb.
     0 | D:1      | Reached XP level 1. HP: 19/19 MP: 0/0
     0 | D:1      | magus.rc [v1.9.6]
   280 | D:1      | Found a faded altar of an unknown god.
   413 | D:1      | Found Wugg's Antique Armour Boutique.
   467 | D:1      | Found Xiadular's Armour Shop.
   478 | D:1      | Found Ucecu Kauso's Magic Scroll Shop.
   495 | D:1      | Found Uhiug's General Store.
   907 | D:2      | Reached XP level 2. HP: 17/27 MP: 1/1
   918 | D:2      | magus.rc [v1.9.6]
  1085 | D:2      | Reached skill level 4 in Shields
  1126 | D:2      | Reached skill level 4 in Fighting
  1126 | D:2      | Reached skill level 4 in Armour
  1451 | D:2      | Reached skill level 3 in Axes
  1451 | D:2      | Reached XP level 3. HP: 31/33 MP: 2/2
  1675 | D:3      | Found an opulent altar of Gozag.
  2022 | D:4      | Reached XP level 4. HP: 37/41 MP: 3/3
  2301 | D:4      | Reached XP level 5. HP: 25/47 MP: 4/4
  2678 | D:4      | HP: 10/47 [acid (3)]
  2680 | D:4      | Reached skill level 4 in Axes
  2952 | D:4      | Found a sacrificial altar of Ru.
  3093 | D:4      | Reached skill level 5 in Fighting
  3093 | D:4      | Reached skill level 5 in Armour
  3093 | D:4      | Reached skill level 5 in Shields
  3202 | D:4      | Found a staircase to the Ecumenical Temple.
  3211 | Temple   | Entered the Ecumenical Temple
  3226 | Temple   | Became a worshipper of Warmaster Okawaru
  3255 | D:4      | Found a shimmering blue altar of Sif Muna.
  3321 | D:4      | Noticed Dowan
  3321 | D:4      | Noticed Duvessa
  3338 | D:4      | Killed Dowan
  3338 | D:4      | HP: 4/48 [Duvessa/+0 short sword (18)]
  3339 | D:4      | Reached XP level 6. HP: 5/56 MP: 5/5
  3344 | D:4      | HP: 4/56 [Duvessa/+0 short sword (11)]
  3345 | D:4      | Mangled by Duvessa

Vanquished Creatures
  Dowan (D:4)
  A bullfrog zombie (D:4)
  2 jellies (D:4)
  An orc wizard (D:4)
  6 adders
  A worm (D:2)
  6 orcs (D:4)
  11 endoplasms
  4 goblins
  8 hobgoblins
  2 quokkas (D:4)
  A ball python (D:2)
  5 bats
  A frilled lizard (D:2)
  11 kobolds
  4 rats
65 creatures vanquished.

Vanquished Creatures (others)
  6 fungi (D:4)
  7 toadstools (D:4)
13 creatures vanquished.

Grand Total: 78 creatures vanquished

Table legend:
 A = Non-vault XP
 B = Vault XP
 C = Vault XP percentage of total XP
 D = Non-vault monster count
 E = Vault monster count
 F = Vault count percentage of total count
                 A         B        C        D         E       F
            +---------+---------+-------+---------+---------+-------
      Total |     285 |     134 |  32.0 |      48 |      17 |  26.2
            +---------+---------+-------+---------+---------+-------
        D:1 |       6 |       0 |   0.0 |       5 |       0 |   0.0
        D:2 |      47 |       0 |   0.0 |      19 |       0 |   0.0
        D:3 |      27 |       0 |   0.0 |       3 |       0 |   0.0
        D:4 |     205 |     134 |  39.5 |      21 |      17 |  44.7
            +---------+---------+-------+---------+---------+-------

Illustrated notes

Table legend:
 A = Kills in this place as a percentage of kills in entire the game.
 B = Kills by you in this place as a percentage of kills by you in the entire game.
 C = Kills by friends in this place as a percentage of kills by friends in the entire game.
 D = Other kills in this place as a percentage of other kills in the entire game.
 E = Experience gained in this place as a percentage of experience gained in the entire game.
 F = Experience gained in this place divided by the number of levels of this place that you have seen.
                   A       B       C       D       E      F
               +-------+-------+-------+-------+-------+----------------------
         Total | 100.0 | 100.0 |   N/A |   N/A | 100.0 |  83.8
       Dungeon | 100.0 | 100.0 |   N/A |   N/A | 100.0 | 104.8
               +-------+-------+-------+-------+-------+----------------------

Table legend: (Time is in decaauts)
 A = Elapsed time spent in this place.
 B = Non-inter-level travel time spent in this place.
 C = Inter-level travel time spent in this place.
 D = Time resting spent in this place.
 E = Time spent auto-exploring this place.
 F = Levels seen in this place.
 G = Mean time per level.
                   A        B        C        D        E       F      G
               +--------+--------+--------+--------+--------+-----+--------+
         Total |   3396 |   3269 |    127 |    393 |   1922 |   5 |  679.2 |
       Dungeon |   3368 |   3241 |    127 |    393 |   1917 |   4 |  842.0 |
        Temple |     27 |     27 |      0 |      0 |      5 |   1 |   27.0 |
               +--------+--------+--------+--------+--------+-----+--------+

Top non-repeatable levels by time:
     D:4: 1362 daAuts
     D:1: 896 daAuts
     D:2: 790 daAuts
     D:3: 319 daAuts
  Temple: 27 daAuts
